 Dungeon Crawl Stone Soup version 0.28.0-43-g3370ac3207 (webtiles) character file.

Game seed: 11825538192898675321

4 pkoi the Conjurer (level 1, -1/14 HPs)
             Began as a Draconian Conjurer on Mar 18, 2022.
             Slain by a dart slug (2 damage)
             ... on level 1 of the Dungeon.
             The game lasted 00:00:41 (70 turns).

pkoi the Conjurer (Draconian Conjurer)                Turns: 70, Time: 00:00:42

Health: -1/14      AC:  4    Str:  9    XL:     1   Next: 58%
Magic:  1/3        EV: 12    Int: 18    God:
Gold:   8          SH:  0    Dex:  9    Spells: 3/4 levels left

rFire   . . .      SeeInvis .   a - +0 dagger
rCold   . . .      Faith    .   (no shield)
rNeg    . . .      Spirit   .   (armour unavailable)
rPois   .          Reflect  .   (helmet restricted)
rElec   .          Harm     .   (no cloak)
rCorr   .          Rampage  .   (no gloves)
Will    .....                   (no boots)
Stlth   ++........              (no amulet)
HPRegen 0.04/turn               (no ring)
MPRegen 0.08/turn               (no ring)

@: no status effects
A: AC +4, unfitting armour, cold-blooded
a: no special abilities


You were on level 1 of the Dungeon.
You visited 1 branch of the dungeon, and saw 1 of its levels.

You collected 8 gold pieces.

Inventory:

Hand Weapons
 a - a +0 dagger (weapon)


   Skills:
 - Level 1.7 Dodging
 - Level 1.7 Stealth
 - Level 2.0 Spellcasting
 + Level 4.2 Conjurations


You had 3 spell levels left.
You knew the following spells:

 Your Spells              Type           Power      Damage    Failure   Level
a - Magic Dart            Conj           68%        1d6       3%          1

Your spell library contained the following spells:

 Spells                   Type           Power      Damage    Failure   Level
 Searing Ray              Conj           34%        2d5       4%          2
 Dazzling Flash           Conj/Hex       18%        N/A       22%         3
 Fulminant Prism          Conj/Hex       4%         3d6       58%         4
 Iskenderun's Mystic Bla  Conj/Tloc      9%         2d4       58%         4


Dungeon Overview and Level Annotations

Branches:
Dungeon (1/15)

Altars:


Innate Abilities, Weirdness & Mutations

Your plain brown scales are hard. (AC +4)
You cannot fit into any form of body armour.
You are cold-blooded and may be slowed by cold attacks.


Message History

The bat closely misses you. The hobgoblin closely misses you.
Unknown command.
Aiming: Magic Dart (safe; 3% risk of failure)
Press: ? - help, Q - select action Shift-Dir - straight line, f - hobgoblin
Aim: a hobgoblin (heavily wounded, 100% to hit)
The magic dart hits the hobgoblin but does no damage.
The hobgoblin is heavily wounded.
The bat completely misses you. The hobgoblin misses you.
You close the door.
The hobgoblin hits you but does no damage.
You hit the hobgoblin.
The hobgoblin is severely wounded.
The hobgoblin closely misses you.
Unknown command.
You barely miss the hobgoblin.
The hobgoblin is severely wounded.
The hobgoblin misses you.
Unknown command.
You hit the hobgoblin.
The hobgoblin is almost dead.
The hobgoblin hits you but does no damage.
Unknown command.
You hit the hobgoblin.
You kill the hobgoblin!
Unknown command.
You start resting.
A dart slug comes into view.
A dart slug is nearby!
A dart slug is nearby!
A dart slug is nearby!
Things that are here:
a hobgoblin corpse; a quokka corpse You hit the dart slug.
The dart slug is lightly wounded.
The dart slug misses you.
You hit the dart slug but do no damage.
You tail-slap the dart slug, but do no damage.
The dart slug is lightly wounded.
The dart slug bites you.
You die...

#≈P♣≈≈♣P.≈≈♣P≈#
#≈P♣≈≈.PP≈≈P♣≈#
#≈P♣≈≈♣P.≈≈.P≈#
#≈♣♣≈≈PP.≈≈♣P≈#
##≈PP≈≈≈≈≈≈≈P♣≈#
.#≈P♣≈.....≈P♣≈#
.#≈≈≈≈.###.≈≈≈≈###
.'...[.#§#.....+.#
.#≈≈≈≈.###.≈≈≈b#@#
.#≈.P≈.....≈♣P≈#w..#
##≈♣♣≈≈≈≈≈≈≈♣♣≈##.##
#≈♣♣≈≈P♣P≈≈♣.≈# ##
#≈♣P≈≈P♣.≈≈.P≈#
#≈♣♣≈≈P..≈≈.P≈#
#≈..≈≈♣PP≈≈P.≈#


You could see a dart slug.

Vanquished Creatures
  A hobgoblin (D:1)
  A kobold (D:1)
  A quokka (D:1)
  A rat (D:1)
4 creatures vanquished.

Notes
Turn   | Place    | Note
-------+----------+-------------------------------------------
     0 | D:1      | pkoi the Draconian Conjurer began the quest for the Orb.
     0 | D:1      | Reached XP level 1. HP: 14/14 MP: 3/3
    70 | D:1      | Slain by a dart slug

Illustrated notes

Levels and vault maps discovered:
D:1:      lightli_arrival_farm, layout_loops_ring,
          shapermc_ecumenical_altar_notcrosses, chequers_serial_rivers_room_a,
          corexii_hall_statues_u, minmay_misc_feat_more_columns

Action                   || total
-------------------------++-------
Melee: Dagger            ||    28
       Unarmed           ||     5
       Tailslap          ||     1
 Cast: Magic Dart        ||     5
Armor: Skin              ||    24
Dodge: Dodged            ||    45
